 Dungeon Crawl Stone Soup version 0.18-a0-1164-g7046a04 (console) character file.

140 Jobasha the Cudgeler (level 5, 0/39 HPs)
             Began as a Human Gladiator on Jan 24, 2016.
             Killed by nerve-wracking pain
             ... invoked by an orc priest
              (10 damage)
             ... on level 3 of the Dungeon on Jan 25, 2016.
             The game lasted 00:48:54 (2810 turns).

Jobasha the Cudgeler (Human Gladiator)              Turns: 2810, Time: 00:48:54

Health: 0/39       AC: 12    Str: 16    XL:     5   Next: 47%
Magic:  5/5        EV:  8    Int:  8    God:
Gold:   139        SH:  0    Dex: 18    Spells: 0 memorised, 4 levels left

rFire  + . .     SeeInvis .     v - -2 dagger (curse)
rCold  . . .     Gourm    .     o - +2 chain mail {rF+}
rNeg   . . .     Faith    .     (no shield)
rPois  .         Spirit   .     c - +0 helmet
rElec  .         Dismiss  .     (no cloak)
rCorr  .         Reflect  .     s - +0 pair of gloves
SustAt .         Harm     .     (no boots)
MR     .....                    (no amulet)
Stlth  ..........               (no ring)
                                r - +4 ring of dexterity

@: not resistant to hostile enchantments, extremely unstealthy
A: no striking features
a: no special abilities


You were on level 3 of the Dungeon.
You were not hungry.

You visited 1 branch of the dungeon, and saw 3 of its levels.

You collected 139 gold pieces.

Inventory:

Hand Weapons
 a - a +1 flail
 h - a +0 dagger
 j - a +0 club
 k - a +0 club
 m - a +0 dagger
 q - a +0 dagger
 v - a cursed -2 dagger (weapon)
Missiles
 e - 49 stones (quivered)
 t - 18 sling bullets
Armour
 b - a +0 leather armour
 c - a +0 helmet (worn)
 l - a +0 ring mail
 o - a +2 chain mail of fire resistance (worn)
 s - a +0 pair of gloves (worn)
 x - a +0 swamp dragon armour
Jewellery
 r - a +4 ring of dexterity (left hand)
Scrolls
 y - a scroll of identify
Potions
 n - a potion of curing {unknown}
 u - a potion of heal wounds {unknown}
Miscellaneous
 g - a plain deck of changes
Comestibles
 i - a bread ration
 p - a meat ration


   Skills:
 + Level 2.4 Fighting
 + Level 0.2 Short Blades
 + Level 3.5 Maces & Flails
 + Level 3.5 Throwing
 + Level 1.7 Armour
 + Level 3.5 Dodging
 + Level 0.4 Stealth


You had 4 spell levels left.
You didn't know any spells.

Dungeon Overview and Level Annotations

Branches:
Dungeon (3/15)

Altars:
Nemelex Xobeh


Message History

Throwing (i - inventory):
e - 52 stones (quivered)
Press: ? - help, Shift-Dir - straight line, f/p - orc priest
Aim: an orc priest, wearing a leather armour (severely wounded)
You throw a stone.
The stone hits the orc priest but does no damage.
The orc priest is severely wounded.
The orc priest hits you but does no damage.
Throwing (i - inventory):
e - 51 stones (quivered)
Press: ? - help, Shift-Dir - straight line, f/p - orc priest
Aim: an orc priest, wearing a leather armour (severely wounded)
You throw a stone.
The stone closely misses the orc priest.
The orc priest miscasts a cantrip.
Throwing (i - inventory):
e - 50 stones (quivered)
Press: ? - help, Shift-Dir - straight line, f/p - orc priest
Aim: an orc priest, wearing a leather armour (severely wounded)
You throw a stone. The stone barely misses the orc priest.
The orc priest calls down the wrath of Beogh upon you.
Pain shoots through your body!
You die...

### ### #(# .. ..# ..#.# .#(.
.(# #o# #@# #.#.#########
#.#.........# #.##........######
#.##..............
#.##........#### #%#
#.#####+##.#......
#.#.#########.#####.##.#.#######
................................
#.# #..............##.#.#######
#.#.##.........#######.#.#


You could see an orc priest.

Vanquished Creatures
  7 gnolls
  An adder (D:3)
  An ooze (D:2)
  A worm (D:3)
  3 giant geckos (D:1)
  3 orcs (D:3)
  2 ball pythons
  4 bats
  4 giant cockroaches
  5 goblins (D:1)
  4 hobgoblins
  2 jackals (D:1)
  4 kobolds
  A giant newt (D:2)
  10 rats
52 creatures vanquished.

Notes
Turn   | Place    | Note
--------------------------------------------------------------
     0 | D:1      | Jobasha the Human Gladiator began the quest for the Orb.
     0 | D:1      | Reached XP level 1. HP: 16/16 MP: 1/1
   127 | D:1      | Reached XP level 2. HP: 19/22 MP: 2/2
   330 | D:1      | Reached XP level 3. HP: 24/27 MP: 3/3
   577 | D:1      | Found a sparkling altar of Nemelex Xobeh.
  1252 | D:2      | Reached XP level 4. HP: 20/33 MP: 4/4
  1680 | D:2      | Reached skill level 1 in Armour
  2552 | D:3      | Reached XP level 5. HP: 39/39 MP: 5/5
  2810 | D:3      | Killed from afar by an orc priest

Vault maps used:
D:1:      saegor_arrival_simple_d, nemelex_deck

Action                   |  1- 3 |  4- 6 || total
-------------------------+-------+-------++-------
Melee: Flail             |    37 |       ||    37
       Dagger            |       |    52 ||    52
Throw: Throwing net      |     3 |    10 ||    13
       Javelin           |    37 |    26 ||    63
       Stone             |       |    95 ||    95
  Use: Scroll            |     3 |     1 ||     4
  Eat: Chunk             |     1 |       ||     1
       Bread ration      |       |     1 ||     1
